 Dungeon Crawl Stone Soup version 0.16-a0-3714-geb26cbe (webtiles) character file.

88 fagah the Sneak (level 4, -4/30 HPs)
             Began as a Halfling Assassin on Jan 20, 2015.
             Slain by a gnoll (5 damage)
             ... on level 2 of the Dungeon.
             The game lasted 00:11:44 (1794 turns).

fagah the Sneak (Halfling Assassin)                 Turns: 1794, Time: 00:11:45

Health: -4/30      AC:  3    Str: 11    XL:     4   Next: 82%
Magic:  4/4        EV: 15    Int: 10    God:
Gold:   64         SH:  0    Dex: 16    Spells: 0 memorised, 3 levels left

rFire  . . .     SeeInvis .     a - +2 dagger
rCold  . . .     Clarity  .     c - +0 robe
rNeg   . . .     SustAb   .     (no shield)
rPois  .         Gourm    .     (no helmet)
rElec  .         Spirit   .     d - +0 cloak
rCorr  .         Warding  .     (no gloves)
rMut   .         Stasis   .     (no boots)
MR     .....                    (no amulet)
Stlth  +++++.....               u - ring of stealth
                                o - ring of stealth

@: not resistant to hostile enchantments, quite stealthy
A: mutation resistance 1
a: no special abilities


You were on level 2 of the Dungeon.
You were not hungry.

You visited 1 branch of the dungeon, and saw 2 of its levels.

You collected 64 gold pieces.

Inventory:

Hand weapons
 a - a +2 dagger (weapon)
 b - a +0 blowgun
 i - a +0 short sword
Missiles
 e - 19 poisoned needles
 f - 2 curare-tipped needles
Armour
 c - a +0 robe (worn)
 d - a +0 cloak (worn)
 l - a +0 ring mail
Jewellery
 h - an uncursed ring of protection from magic
 o - a ring of stealth (left hand)
 u - a ring of stealth (right hand)
Scrolls
 j - a scroll of identify {unknown}
 q - 3 scrolls of recharging {unknown}
 r - 2 scrolls of random uselessness {unknown}
 s - a scroll of enchant weapon {unknown}
 t - a scroll of teleportation {unknown}
Potions
 m - a potion of resistance
Comestibles
 g - a bread ration


   Skills:
 + Level 2.4 Fighting
 + Level 3.1 Short Blades
 + Level 3.1 Throwing
 + Level 2.9 Dodging
 + Level 5.0 Stealth


You had 3 spell levels left.
You didn't know any spells.

Dungeon Overview and Level Annotations

Branches:
Dungeon (2/15)

Altars:
Elyvilon
Yredelemnul


Innate Abilities, Weirdness & Mutations

You are small and have problems with some larger weapons.
You are somewhat resistant to further mutation.


Message History

* * * LOW HITPOINT WARNING * * *
You hit the gnoll.
The gnoll is severely wounded.
The giant newt barely misses you. The gnoll misses you.
You hit the gnoll but do no damage.
The gnoll is severely wounded.
The giant newt completely misses you.
You hit the gnoll but do no damage.
The gnoll is severely wounded.
The gnoll hits you.
* * * LOW HITPOINT WARNING * * *
The giant newt closely misses you.
You feel better. The gnoll hits you.
* * * LOW HITPOINT WARNING * * *
The giant newt bites you.
* * * LOW HITPOINT WARNING * * *
You hit the gnoll.
The gnoll is almost dead.
The gnoll hits you.
You die...

###........##.##.#(.....
**#...†......#..,.........
*#...##.>...###...####..##.
#..***#.....###..,* *...**
#..####.).........* *,*,,,
*#....))..........****,****
######...........,,,,,*
#...†........,,,***
*******#...@†>....#**,,,,***
*,,,,,,#..lg......# ****,,,,
*,,,..............# *****
*,,.....#.........#
*,.....##.........#***
*,,<...*#..<......,,,*
*,,,...*#........,,,,******
*,,,,.,*#.......<,,,,,,,,,**
*,,,,,,*##...,,,,,,,,****,,,


You could see a gnoll and a giant newt.

Vanquished Creatures
  3 adders (D:2)
  A gnoll (D:1)
  A giant mite (D:2)
  2 worms (D:2)
  A giant gecko (D:1)
  An ooze (D:1)
  A ball python (D:1)
  10 bats
  A giant cockroach (D:2)
  3 goblins
  2 hobgoblins (D:1)
  2 jackals (D:1)
  4 kobolds
  2 rats (D:1)
34 creatures vanquished.

Notes
Turn   | Place    | Note
--------------------------------------------------------------
     0 | D:1      | fagah, the Halfling Assassin, began the quest for the Orb.
     0 | D:1      | Reached XP level 1. HP: 14/14 MP: 1/1
    25 | D:1      | Reached XP level 2. HP: 9/19 MP: 2/2
   724 | D:1      | Reached XP level 3. HP: 22/24 MP: 3/3
  1164 | D:2      | Found a white marble altar of Elyvilon.
  1166 | D:2      | Reached skill level 5 in Stealth
  1191 | D:2      | Reached XP level 4. HP: 29/29 MP: 4/4
  1265 | D:2      | Found a basalt altar of Yredelemnul.
  1793 | D:2      | HP: 1/30 [giant newt (3)]
  1794 | D:2      | Slain by a gnoll

Action                   |  1- 3 |  4- 6 || total
-------------------------+-------+-------++-------
Melee: Dagger            |    92 |    68 ||   160
  Use: Potion            |     1 |     3 ||     4
       Scroll            |       |     1 ||     1
 Stab: Sleeping          |     2 |     2 ||     4
  Eat: Bread ration      |     1 |       ||     1
